 Dungeon Crawl Stone Soup version 0.27-a0-1359-ga2a4dfd6fd (webtiles) character file.

Game seed: 16879908131927096441

133 CowFu the Cudgeller (level 5, -3/28 HPs)
             Began as a Gargoyle Fighter on June 28, 2021.
             Was a Follower of Hepliaklqana.
             Slain by Edmund (5 damage)
             ... on level 6 of the Dungeon.
             The game lasted 00:03:33 (2975 turns).

CowFu the Cudgeller (Gargoyle Fighter)              Turns: 2975, Time: 00:03:33

Health: -3/28      AC: 10    Str: 20    XL:     5   Next: 16%
Magic:  5/5        EV:  7    Int:  9    God:    Hepliaklqana [*.....]
Gold:   32         SH:  9    Dex:  9    Spells: 4/4 levels left

rFire    . . .     SeeInvis .   a - +0 flail
rCold    . . .     Faith    .   c - +0 kite shield
rNeg     + . .     Spirit   .   b - +0 scale mail
rPois    ∞         Reflect  .   (no helmet)
rElec    +         Harm     .   (no cloak)
rCorr    .         Rampage  .   (no gloves)
Will     .....                  (no boots)
Stlth    ..........             (no amulet)
HPRegen  0.09/turn              (no ring)
MPRegen  0.09/turn              (no ring)

@: mighty
A: reduced essence, sickness immunity, AC +4, negative energy resistance 1,
electricity resistance, torment resistance 1, petrification resistance
a: Renounce Religion, Recall Ancestor, Ancestor Identity


You were on level 6 of the Dungeon.
You worshipped Hepliaklqana.
Hepliaklqana was aware of your devotion.
You visited 1 branch of the dungeon, and saw 4 of its levels.

You collected 32 gold pieces.

Inventory:

Hand Weapons
 a - a +0 flail (weapon)
Armour
 b - a +0 scale mail (worn)
 c - a +0 kite shield (worn)
Scrolls
 g - a scroll of teleportation {unknown}
 i - a scroll of immolation {unknown}
 j - a scroll of magic mapping {unknown}
 k - a scroll of identify {unknown}
 l - a scroll of amnesia {unknown}
Potions
 e - 2 potions of heal wounds {unknown}
 f - 2 potions of curing {unknown}
 h - a potion of attraction {unknown}


   Skills:
 - Level 3.2 Fighting
 + Level 5.2 Maces & Flails
 - Level 3.2 Armour
 - Level 3.2 Shields


You had 4 spell levels left.
You didn't know any spells.
Your spell library was empty.

Dungeon Overview and Level Annotations

Branches:
Dungeon (3/15)

Altars:
Hepliaklqana
The Shining One

Annotations:
D:6 Edmund


Innate Abilities, Weirdness & Mutations

Your life essence is reduced to manifest your ancestor. (-10% HP)
You are immune to sickness and miasma.
Your stone body is resilient. (AC +4)
You are immune to poison.
You resist negative energy. (rN+)
You are resistant to electric shocks. (rElec)
You are resistant to unholy torment.
You are immune to petrification.


Message History

Edmund shouts!
Okay, then.
An ufetubus comes into view.
The ufetubus shouts!
You feel very mighty all of a sudden. You block the ufetubus's attack.
The ufetubus hits you.
You barely miss Edmund. The ufetubus barely misses you.
You block the ufetubus's attack.
Edmund hits you with a +1 flail of protection.
You block the ufetubus's attack. The ufetubus hits you.
Edmund hits you with a +1 flail of protection.
You closely miss Edmund. The ufetubus hits you.
The ufetubus hits you but does no damage.
Edmund hits you with a +1 flail of protection.
* * * LOW HITPOINT WARNING * * *
You block the ufetubus's attack.
The ufetubus hits you but does no damage.
You hit Edmund.
Edmund is lightly wounded.
The ufetubus hits you but does no damage. x2
You block Edmund's attack.
The ufetubus hits you but does no damage.
The ufetubus closely misses you. You block Edmund's attack.
You sock Edmund!
Edmund is moderately wounded.
You block the ufetubus's attack.
The ufetubus hits you but does no damage. x2
You block the ufetubus's attack.
Edmund hits you with a +1 flail of protection.
* * * LOW HITPOINT WARNING * * *
You closely miss Edmund.
Edmund is moderately wounded.
The ufetubus barely misses you. x2; You block the ufetubus's attack.
The ufetubus hits you but does no damage.
Edmund barely misses you. x2; You block the ufetubus's attack.
The ufetubus hits you but does no damage.
You sock the ufetubus!
You kill the ufetubus!
Edmund hits you with a +1 flail of protection.
You die...

.... .#
.....######.#
............
#..........#
#..........#
...........#
#..........#
#......@...#
#......@...#
#..........#
#..........#
#####+######


You could see Edmund.

Vanquished Creatures
  5 adders
  An ufetubus (D:6)
  A worm (D:2)
  2 dart slugs (D:1)
  7 bats
  7 endoplasms
  A giant cockroach (D:1)
  3 goblins (D:1)
  4 hobgoblins
  4 jackals (D:1)
  3 kobolds
  A quokka (D:1)
  2 ball pythons (D:1)
  2 frilled lizards (D:1)
  2 rats
45 creatures vanquished.

Vanquished Creatures (collateral kills)
  Jessica (D:2)
  A gnoll (D:2)
2 creatures vanquished.

Vanquished Creatures (others)
  An ancestor (D:2)
1 creature vanquished.

Grand Total: 48 creatures vanquished

Notes
Turn   | Place    | Note
-------+----------+-------------------------------------------
     0 | D:1      | CowFu the Gargoyle Fighter began the quest for the Orb.
     0 | D:1      | Reached XP level 1. HP: 14/14 MP: 1/1
   380 | D:1      | Reached XP level 2. HP: 16/19 MP: 2/2
   620 | D:1      | Reached skill level 3 in Maces & Flails
  1133 | D:1      | Reached XP level 3. HP: 19/23 MP: 3/3
  1533 | D:1      | Found a faded altar of an unknown god.
  1739 | D:1      | Became a worshipper of Hepliaklqana the Forgotten
  1739 | D:1      | Reached * piety under Hepliaklqana
  1791 | D:2      | Noticed Jessica
  1800 | D:2      | Killed Jessica
  1801 | D:2      | Reached skill level 4 in Maces & Flails
  1801 | D:2      | Reached XP level 4. HP: 25/25 MP: 4/4
  2534 | D:3      | Reached skill level 5 in Maces & Flails
  2534 | D:3      | Reached XP level 5. HP: 27/28 MP: 5/5
  2768 | D:3      | Found a glowing golden altar of the Shining One.
  2965 | D:3      | You fall into a shaft and drop 3 floors!
  2965 | D:6      | Noticed Edmund
  2975 | D:6      | Slain by Edmund

Illustrated notes

Levels and vault maps discovered:
D:1:      grunt_arrival_lava_bath, layout_loops_corners,
          shapermc_ecumenical_altar_hornbeckon
D:2:      minmay_roachtagon, layout_loops_ring, chequers_serial_rivers_micro_e,
          minmay_distorted, uniq_jessica
D:3:      layout_loops_ring, tso_metal_star, gammafunk_ghost_gnarly_gnolls,
          corexii_leaking_fountain, hangedman_feature_mirror,
          chequers_serial_rivers_large_b
D:6:      wad_pebble_path, layout_basic, grunt_temple_overflow_forces_of_nature,
          hangedman_decor_peaks_small, uniq_edmund

Skill      XL: |  1  2  3  4 |
---------------+-------------+-----
Maces & Flails | 3 4 5 |  5.2
Fighting       | |  3.2
Armour         | |  3.2
Shields        | |  3.2

Action                   |  1- 3 |  4- 6 || total
-------------------------+-------+-------++-------
Melee: Flail             |    80 |    79 ||   159
  Use: Potion            |       |     1 ||     1
Armor: Scale mail        |    33 |    49 ||    82
Dodge: Dodged            |    31 |    29 ||    60
Block: Kite shield       |    44 |    44 ||    88

Table legend: (Time is in decaauts)
 A = Elapsed time spent in this place.
 B = Non-inter-level travel time spent in this place.
 C = Inter-level travel time spent in this place.
 D = Time resting spent in this place.
 E = Time spent auto-exploring this place.
 F = Levels seen in this place.
 G = Mean time per level.
                   A        B        C        D        E       F      G
               +--------+--------+--------+--------+--------+-----+--------+
         Total |   3055 |   2909 |    146 |      0 |   2441 |   4 |  763.8 |
       Dungeon |   3055 |   2909 |    146 |      0 |   2441 |   4 |  763.8 |
               +--------+--------+--------+--------+--------+-----+--------+

Top non-repeatable levels by time:
     D:1: 1834 daAuts
     D:3: 842 daAuts
     D:2: 365 daAuts
     D:6: 12 daAuts
